 Dungeon Crawl Stone Soup version 0.25.0-9-g26727b657a (console) character file.

Game seed: 9554313594932334877

515 bli the Shield-Bearer (level 7, -8/53 (55) HPs)
             Began as a Formicid Fighter on June 20, 2020.
             Mangled by an ogre
             ... wielding a +0 giant club
              (28 damage)
             ... on level 4 of the Dungeon.
             The game lasted 00:13:07 (2845 turns).

bli the Shield-Bearer (Formicid Fighter)            Turns: 2845, Time: 00:13:08

HP:   -8/53 (55)    AC:  4    Str: 20    XL:     7   Next: 44%
MP:   16/16         EV: 11    Int:  8    God:
Gold: 237           SH: 10    Dex: 12    Spells: 6/6 levels left

rFire    . . .     SeeInvis +   a - +0 war axe
rCold    . . .     Gourm    .   c - +0 kite shield
rNeg     . . .     Faith    .   u - +0 troll leather armour
rPois    .         Spirit   .   (helmet unavailable)
rElec    .         Reflect  .   (no cloak)
rCorr    .         Harm     .   (no gloves)
MR       .....                  (no boots)
Stlth    +.........             (no amulet)
HPRegen  0.57/turn              j - ring of magical power
MPRegen  0.15/turn              (no ring)

@: no status effects
A: permanent stasis, dig shafts and tunnels, four strong arms, antennae 3
a: Dig, Shaft Self


You were on level 4 of the Dungeon.
You were not hungry.

You visited 1 branch of the dungeon, and saw 4 of its levels.

You collected 237 gold pieces.

Inventory:

Hand Weapons
 a - a +0 war axe (weapon)
 e - a +0 flail of protection
Missiles
 i - 147 stones (quivered)
 q - 15 poisoned darts
 r - 15 sling bullets
Armour
 b - a +0 scale mail
 c - a +0 kite shield (worn)
 n - a +0 ring mail
 t - a +1 leather armour of poison resistance
 u - a +0 troll leather armour (worn)
Jewellery
 j - a ring of magical power (left hand)
Scrolls
 g - 8 scrolls of remove curse {unknown}
 h - a scroll of fog {unknown}
 o - 2 scrolls of teleportation {unknown}
 v - 3 scrolls of enchant weapon {unknown}
Potions
 d - a potion of might
 k - 3 potions of curing
 l - a potion of cancellation {unknown}
 p - a potion of flight {unknown}
 s - a potion of haste {unknown}
Comestibles
 f - 6 rations
 m - 3 chunks of flesh


   Skills:
 + Level 4.8 Fighting
 + Level 4.2 Axes
 - Level 4.0 Armour
 + Level 2.1 Dodging
 + Level 6.1 Shields


You had 6 spell levels left.
You didn't know any spells.
Your spell library was empty.

Dungeon Overview and Level Annotations

Branches:
Dungeon (4/15)
 Temple: D:4-7

Altars:
Nemelex Xobeh


Innate Abilities, Weirdness & Mutations

You cannot be hasted, slowed, berserked, paralysed or teleported.
You can dig through walls and to a lower floor.
Your four strong arms can wield two-handed weapons with a shield.
You have a pair of large antennae on your head. (SInv)


Message History

You slash the goblin!
You kill the goblin!
You closely miss the goblin. You block the goblin's attack.
The goblin hits you but does no damage.
You closely miss the goblin. The goblin hits you but does no damage.
You barely miss the goblin. The goblin hits you but does no damage.
You slash the goblin!
You kill the goblin!
You block the ogre's attack.
You completely miss the ogre. You block the ogre's attack.
You slash the ogre!
The ogre is moderately wounded.
The ogre hits you with a +0 giant club!!
You closely miss the ogre.
The ogre is moderately wounded.
The ogre hits you with a +0 giant club!
You slash the ogre!
The ogre is almost dead.
The ogre hits you with a +0 giant club!!
Ouch! That really hurt!
You die...

{ ######### .
#8#8#8#8#
....###.#.#.#.###
(.............).#
......#.#.#.#.#.#
..(..
#8#8#8#8#O###########
(...
.########.@...##....#
... .#
##>....#....#######
a. .#
#....#..........). .
.. #....#####.#######
.. ###....# #.##...##
+......## #....#.##
###.....# ####...÷.
#####.## #.#.## #÷.#
#[#... ##.## #.####
#..# #.#<..


You could see an ogre.

Vanquished Creatures
  Edmund (D:4)
  A necrophage (D:4)
  A scorpion (D:2)
  2 orc wizards (D:3)
  An iguana (D:4)
  A worker ant (D:4)
  3 gnolls
  4 adders
  An ooze (D:3)
  3 worms
  A dart slug (D:1)
  3 leopard geckos
  7 orcs
  11 bats
  2 giant cockroaches
  16 goblins
  8 hobgoblins
  A quokka (D:3)
  4 frilled lizards
  5 kobolds
  4 rats
80 creatures vanquished.

Notes
Turn   | Place    | Note
-------+----------+-------------------------------------------
     0 | D:1      | bli the Formicid Fighter began the quest for the Orb.
     0 | D:1      | Reached XP level 1. HP: 18/18 MP: 1/1
    98 | D:1      | Reached XP level 2. HP: 21/24 MP: 2/2
   401 | D:1      | Reached skill level 4 in Shields
   807 | D:1      | Reached XP level 3. HP: 27/30 MP: 3/3
  1001 | D:2      | Found a sparkling altar of Nemelex Xobeh.
  1182 | D:2      | Reached XP level 4. HP: 37/37 MP: 4/4
  1581 | D:2      | You fall into a shaft and drop 1 floor!
  1610 | D:3      | Reached skill level 5 in Shields
  1834 | D:3      | Reached XP level 5. HP: 33/42 MP: 5/5
  1940 | D:2      | Reached skill level 1 in Dodging
  2364 | D:3      | Reached XP level 6. HP: 44/48 MP: 6/6
  2472 | D:3      | HP: 2/49 [kobold/+0 whip (3)]
  2483 | D:3      | HP: 2/49 [orc wizard/puff of flame (7)]
  2506 | D:4      | Noticed a necrophage
  2527 | D:4      | Killed a necrophage
  2713 | D:4      | Noticed Edmund
  2751 | D:4      | Killed Edmund
  2751 | D:4      | Reached skill level 6 in Shields
  2751 | D:4      | Reached XP level 7. HP: 45/53 MP: 7/7
  2845 | D:4      | Mangled by an ogre

Illustrated notes

Levels and vault maps discovered:
D:1:      dpeg_arrival_rooms_a, layout_basic
D:2:      layout_loops_ring, nemelex_xobeh_ov_fountains_minmay
D:3:      layout_loops_cross, first_ration, uniq_terence, uniq_natasha
D:4:      layout_basic, eino_small_chamber_without_monster,
          minmay_misc_feat_hallway, uniq_edmund, uniq_menkaure, uniq_robin

Skill      XL: |  1  2  3  4  5  6 |
---------------+-------------------+-----
Shields        | 4 5 6 |  6.1
Fighting       | 4 |  4.8
Armour         | 4 |  4.0
Dodging        | 1 2 |  2.1
Axes           | 4 |  4.2

Action                   |  1- 3 |  4- 6 |  7- 9 || total
-------------------------+-------+-------+-------++-------
Melee: War axe           |   102 |   175 |    34 ||   311
Throw: Javelin           |       |     6 |       ||     6
       Stone             |       |     2 |     4 ||     6
 Abil: Dig               |     3 |     1 |     1 ||     5
  Use: Potion            |       |     1 |       ||     1
  Eat: Chunk             |     1 |     5 |     1 ||     7
Armor: Scale mail        |    29 |       |       ||    29
       Ring mail         |    26 |    17 |       ||    43
       Leather armour    |       |    10 |       ||    10
       Troll leather arm |       |    18 |     5 ||    23
Dodge: Dodged            |    36 |    86 |    14 ||   136
Block: Kite shield       |    77 |    91 |    18 ||   186
